 Dungeon Crawl Stone Soup version 0.29.1-12-g30fa7ad0bf (webtiles) character file.

Game seed: 15312229713464271100

143 Mitcholas the Ruffian (level 5, 0/53 HPs)
             Began as a Troll Fighter on Dec 29, 2022.
             Slain by a gnoll
             ... wielding a +0 spear
              (2 damage)
             ... on level 3 of the Dungeon.
             The game lasted 00:02:51 (1745 turns).

Mitcholas the Ruffian (Troll Fighter)               Turns: 1745, Time: 00:02:52

Health: 0/53       AC:  4    Str: 24    XL:     5   Next: 4%
Magic:  4/4        EV:  8    Int:  6    God:
Gold:   91         SH:  7    Dex:  9    Spells: 4/4 levels left

rFire   . . .      SeeInvis .     - Unarmed
rCold   . . .      Faith    .   b - +0 kite shield
rNeg    . . .      Spirit   .   a - +0 robe
rPois   .          Reflect  .   (helmet restricted)
rElec   .          Harm     .   (no cloak)
rCorr   .          Rampage  .   (gloves unavailable)
Will    .....                   (boots unavailable)
Stlth   +.........              (no amulet)
HPRegen 0.97/turn               (no ring)
MPRegen 0.09/turn               (no ring)

@: no status effects
A: large, unfitting armour, claws 3, regeneration 1, shaggy fur 1, tough skin 1
a: no special abilities


You were on level 3 of the Dungeon.
You visited 1 branch of the dungeon, and saw 3 of its levels.

You collected 91 gold pieces.

Inventory:

Hand Weapons
 l - a +2 flail of protection
Missiles
 h - 5 poisoned darts (quivered)
Armour
 a - a +0 robe (worn)
 b - a +0 kite shield (worn)
Scrolls
 f - 2 scrolls of identify {unknown}
 g - a scroll of noise {unknown}
Potions
 c - a potion of might
 d - a potion of flight {unknown}
 e - 2 potions of heal wounds {unknown}
 i - a potion of invisibility {unknown}
 j - a potion of brilliance {unknown}
 k - 2 potions of attraction {unknown}


   Skills:
 + Level 3.1 Fighting
 - Level 2.4 Dodging
 + Level 3.4 Shields
 * Level 4.0 Unarmed Combat


You had 4 spell levels left.
You didn't know any spells.
Your spell library was empty.

Dungeon Overview and Level Annotations

Branches:
Dungeon (3/15)

Altars:
Makhleb
Sif Muna

Annotations:
D:2 1 runed translucent door, Crazy Yiuf


Innate Abilities, Weirdness & Mutations

You are too large for most types of armour.
You have claws for hands.
Your natural rate of healing is unusually fast.
You are covered in fur. (AC +1)
You have tough skin. (AC +1)


Message History

The gnoll shouts! x3; You hear a shout!
A bat comes into view.
A gnoll comes into view. It is wielding a +0 flail.
The bat moves out of view.
The gnoll shouts!
You closely miss the gnoll. You block the gnoll's attack.
You closely miss the gnoll. You block the bat's attack.
The gnoll hits you with a +0 whip. The gnoll barely misses you.
You scratch the gnoll but do no damage. The bat hits you but does no damage.
The gnoll hits you with a +0 whip.
The gnoll hits you from afar with a +0 halberd.
You barely miss the gnoll. You block the bat's attack.
You block the gnoll's attack. The gnoll barely misses you.
You claw the gnoll!
The gnoll is almost dead.
You block the bat's attack. The gnoll hits you with a +0 whip.
The gnoll hits you from afar with a +0 halberd!
You scratch the gnoll.
You kill the gnoll!
You block the bat's attack.
The gnoll hits you from afar with a +0 halberd.
Your Unarmed Combat skill increases to level 4!
You have reached level 5!
The bat closely misses you.
The gnoll hits you from afar with a +0 spear.
You see here a +0 whip.
The bat attacks as you move away! The bat hits you but does no damage.
The bat barely misses you. The gnoll barely misses you.
The gnoll hits you with a +0 halberd. The gnoll hits you but does no damage.
There is an open door here.
The gnoll attacks as you move away! The gnoll barely misses you.
The bat hits you. The gnoll hits you with a +0 halberd!
The gnoll hits you from afar with a +0 spear.
* * * LOW HITPOINT WARNING * * *
You see here a +0 whip.
You barely miss the gnoll. The bat completely misses you.
You block the gnoll's attack. The gnoll hits you with a +0 halberd!
* * * LOW HITPOINT WARNING * * *
The gnoll hits you from afar with a +0 spear.
You die...

.. ... .... ....###
....... .......
......o##################
......ggg...............#
.......#@....############
.......#.....######.#
#......+.....'......#
#...####b....######.#
#... +.....'...# #..
##.....###)# #.
..........#.#
#########.#.# #.#.#


You could see 3 gnolls, an orc and a bat.

Vanquished Creatures
  An orc priest (D:3)
  2 orc wizards (D:3)
  A gnoll (D:3)
  An adder (D:2)
  A worm (D:2)
  3 dart slugs (D:2)
  8 orcs (D:3)
  2 ball pythons (D:1)
  An endoplasm (D:3)
  4 giant cockroaches (D:2)
  A hobgoblin (D:2)
  A quokka (D:2)
  A bat (D:2)
  2 frilled lizards
  2 goblins
31 creatures vanquished.

Notes
Turn   | Place    | Note
-------+----------+-------------------------------------------
     0 | D:1      | Mitcholas the Troll Fighter began the quest for the Orb.
     0 | D:1      | Reached XP level 1. HP: 22/22 MP: 0/0
   212 | D:1      | Found a faded altar of an unknown god.
   670 | D:2      | Reached XP level 2. HP: 29/29 MP: 1/1
   894 | D:2      | Reached XP level 3. HP: 35/36 MP: 2/2
  1324 | D:2      | Reached skill level 3 in Unarmed Combat
  1338 | D:2      | Found a runed translucent door.
  1339 | D:2      | Noticed Crazy Yiuf
  1528 | D:3      | Found a shimmering blue altar of Sif Muna.
  1528 | D:3      | Found a burning altar of Makhleb.
  1623 | D:3      | Reached XP level 4. HP: 29/44 MP: 3/3
  1742 | D:3      | Reached skill level 4 in Unarmed Combat
  1742 | D:3      | Reached XP level 5. HP: 31/53 MP: 4/4
  1745 | D:3      | HP: 2/53 [gnoll/+0 halberd (9)]
  1745 | D:3      | Slain by a gnoll

Illustrated notes

Levels and vault maps discovered:
D:1:      dpeg_arrival_court, layout_loops_cross,
          shapermc_ecumenical_altar_mp_urbaneastern
D:2:      layout_basic, uniq_crazy_yiuf_cottage
D:3:      layout_basic, mainiacjoe_overflow_divided_tiny

Skill      XL: |  1  2  3  4 |
---------------+-------------+-----
Shields        | 3 |  3.4
Unarmed Combat | 3 4 |  4.0
Fighting       | 3 |  3.1
Dodging        | |  2.4

Action                   |  1- 3 |  4- 6 || total
-------------------------+-------+-------++-------
Melee: Unarmed           |    74 |    28 ||   102
Armor: Robe              |    25 |     5 ||    30
Dodge: Dodged            |    19 |     9 ||    28
Block: Kite shield       |    21 |    12 ||    33
